 Dungeon Crawl Stone Soup version 0.17-a0-1900-g45e8110 (webtiles) character file.

147 derrpe the Conjurer (level 5, -5/28 HPs)
             Began as a Tengu Conjurer on Sept 24, 2015.
             Slain by Loris's ghost (9 damage)
             ... on level 4 of the Dungeon.
             The game lasted 00:05:55 (3813 turns).

derrpe the Conjurer (Tengu Conjurer)                Turns: 3813, Time: 00:05:55

Health: -5/28      AC:  5    Str:  9    XL:     5   Next: 29%
Magic:  6/10       EV: 12    Int: 16    God:
Gold:   180        SH:  0    Dex: 14    Spells: 3 memorised, 2 levels left

rFire  . . .     SeeInvis .     i - +0 spear
rCold  . . .     Clarity  .     f - +0 leather armour
rNeg   . . .     SustAt   .     (no shield)
rPois  .         Gourm    .     (helmet restricted)
rElec  .         Spirit   .     p - +1 cloak
rCorr  .         Warding  .     (no gloves)
rMut   +         Stasis   .     (boots unavailable)
MR     .....                    n - amulet of resist mutation
Stlth  ++........               q - ring of ice
                                l - ring of fire

@: not resistant to hostile enchantments, unstealthy
A: beak, talons 3, able to fly 1
a: Fly


You were on level 4 of the Dungeon.
You were hungry.

You visited 1 branch of the dungeon, and saw 4 of its levels.

You collected 180 gold pieces.

Inventory:

Hand weapons
 i - a +0 spear (weapon)
Missiles
 m - 5 javelins (quivered)
Armour
 f - a +0 leather armour (worn)
 p - a +1 cloak (worn)
Jewellery
 l - a ring of fire (left hand)
 n - an amulet of resist mutation (around neck)
 q - a ring of ice (right hand)
Scrolls
 e - 2 scrolls of identify {unknown}
 g - a scroll of teleportation {unknown}
 j - 2 scrolls of enchant weapon {unknown}
 o - a scroll of amnesia {unknown}
 u - a scroll of blinking {unknown}
Potions
 a - a potion of brilliance {unknown}
 h - 2 potions of curing {unknown}
 r - a potion of degeneration {unknown}
 s - a potion of agility {unknown}
Books
 b - a book of Conjurations

   Spells                             Type                      Level
   a - Magic Dart                     Conjuration                  1
   b - Searing Ray                    Conjuration                  2
   c - Dazzling Spray                 Conjuration/Hexes            3
   d - Fulminant Prism                Conjuration/Hexes            4
   e - Iskenderun's Mystic Blast      Conjuration                  4
   f - Iskenderun's Battlesphere      Conjuration/Charms           5
Comestibles
 c - 2 bread rations {@e1}
 k - 3 fruits
 t - a slice of pizza
 v - a meat ration {@e2}


   Skills:
 - Level 2.1 Dodging
 - Level 2.0 Stealth
 + Level 3.1 Spellcasting
 * Level 7.5 Conjurations
 * Level 0.4 Charms


You had 2 spell levels left.
You knew the following spells:

 Your Spells              Type           Power        Failure   Level  Hunger
a - Magic Dart            Conj           ####         1%          1    None
b - Searing Ray           Conj           ####..       1%          2    ##.....
c - Iskenderun's Battles  Conj/Chrm      ###.....     98%         5    ######.


Dungeon Overview and Level Annotations

Branches:
Dungeon (4/15)
 Temple: D:4-7

Altars:

Annotations:
D:4 Loris's ghost, average MfTm


Innate Abilities, Weirdness & Mutations

You have a beak for a mouth.
You have claws for feet.
You can fly.


Message History

Loris's ghost hits you!
* * * LOW HITPOINT WARNING * * *
Loris's ghost swings its fists at you. Loris's ghost barely misses you.
Loris's ghost misses you. Loris's ghost closely misses you.
Casting: Searing Ray
Confirm with . or Enter, or press ? or * to list all spells.
Aiming: Searing Ray
Press: ? - help, Shift-Dir - straight line, f/p - Loris's ghost
Aim: Loris's ghost (moderately damaged)
The searing ray misses Loris's ghost.
The searing ray hits Loris's ghost.
Loris's ghost is heavily damaged.
Loris's ghost hits you.
* * * LOW HITPOINT WARNING * * *
The searing ray hits Loris's ghost.
Loris's ghost is heavily damaged.
Loris's ghost hits you!
You die...

#....#.......>.......[..'.
####[###....#############.
#.# #....# #. #######.#
#....# #. #.......# #....#
## #.####### #...(# #.#
#....# #.# #.W..# #.#
#.@..# ####.# #....#
#<...# #....# . ######
#....# .. #....# ######


You could see Loris's ghost.

Vanquished Creatures
  A worker ant (D:4)
  An iguana (D:4)
  5 adders
  An ooze (D:2)
  An adder skeleton (D:4)
  3 giant geckos
  An orc (D:4)
  4 bats (D:1)
  7 goblins
  7 hobgoblins
  2 kobolds
  A quokka (D:2)
  2 giant cockroaches
  3 giant newts
  7 rats
46 creatures vanquished.

Notes
Turn   | Place    | Note
--------------------------------------------------------------
     0 | D:1      | derrpe the Tengu Conjurer began the quest for the Orb.
     0 | D:1      | Reached XP level 1. HP: 10/10 MP: 4/4
   539 | D:1      | Reached XP level 2. HP: 15/15 MP: 3/6
   950 | D:1      | Reached skill level 6 in Conjurations
  1261 | D:2      | Learned a level 2 spell: Searing Ray
  1276 | D:2      | Reached XP level 3. HP: 8/19 MP: 4/7
  1677 | D:2      | Reached XP level 4. HP: 24/24 MP: 2/9
  2881 | D:3      | Reached skill level 7 in Conjurations
  3428 | D:4      | Gained mutation: You can fly. [Tengu growth]
  3428 | D:4      | Reached XP level 5. HP: 28/28 MP: 4/10
  3491 | D:4      | Noticed Loris's ghost (average MfTm)
  3518 | D:4      | Learned a level 5 spell: Iskenderun's Battlesphere
  3813 | D:4      | Slain by Loris's ghost

Vault maps used:
D:1:      dpeg_arrival_stone_temple_mockup
D:2:      first_bread
D:4:      serial_shops, nicolae_shop_statue_plus, serial_curves, eino_curves_02,
          eino_curves_04, uniq_edmund

Action                   |  1- 3 |  4- 6 || total
-------------------------+-------+-------++-------
Melee: Spear             |    33 |     3 ||    36
 Cast: Magic Dart        |    31 |    48 ||    79
       Searing Ray       |     2 |     2 ||     4
 Stab: Sleeping          |     3 |     1 ||     4
  Eat: Chunk             |     3 |     3 ||     6
       Royal jelly       |       |     1 ||     1
       Fruit             |       |     1 ||     1
